 Dungeon Crawl Stone Soup version 0.30.1-4-g462c640d31 (webtiles) character file.

Game seed: 1928129359184361079

9240 DoctorOfPepper the Jinx (level 11, 0/68 HPs)
             Began as a Vampire Enchanter on Sept 2, 2023.
             Was a Believer of Dithmenos.
             Slain by a cane toad (1 damage)
             ... while petrified by a basilisk
             ... on level 1 of the Lair of Beasts on Sept 3, 2023.
             The game lasted 02:47:08 (10717 turns).

DoctorOfPepper the Jinx (Vampire Enchanter)        Turns: 10717, Time: 02:47:08

Health: 0/68       AC:  4    Str:  9    XL:     11   Next: 20%
Magic:  14/20      EV:  2    Int: 21    God:    Dithmenos [**....]
Gold:   204        SH:  0    Dex: 14    Spells: 15/23 levels left

rFire   + . .        P - +1 rapier (drain)
rCold   + . .        (no shield)
rNeg    + + +        e - +2 robe "Kehier" {+Inv Fly rCorr SInv}
rPois   ∞            (no helmet)
rElec   .            b - scarf {rC+ rF+}
rCorr   +            (no gloves)
SInv    +            (no boots)
Will    +....        c - amulet of reflection
Stlth   ++++++       k - +5 ring of evasion
HPRegen 0.51/turn    R - +5 ring of evasion
MPRegen 0.17/turn

%: reflection
@: petrified, flying, healing quickly, wreathed by umbra, studying 2 skills
A: alive, fangs 3, see invisible, vampiric 2
a: Exsanguinate, Renounce Religion, Evoke Invisibility, Shadow Step


You were on level 1 of the Lair of Beasts.
You worshipped Dithmenos.
Dithmenos was pleased with you.
You visited 3 branches of the dungeon, and saw 10 of its levels.

You collected 314 gold pieces.
You spent 110 gold pieces at shops.

Inventory:

Hand Weapons
 s - a +1 dagger of venom
 P - a +1 rapier of draining (weapon)
 S - a +1 whip of electrocution
Missiles
 g - 4 large rocks
 h - 117 stones
 w - 19 poisoned darts
 G - 3 boomerangs of dispersal
 H - 6 atropa-tipped darts
Armour
 a - a +0 leather armour of positive energy
 b - a scarf of resistance (worn)
 e - the +2 robe "Kehier" (worn) {+Inv Fly rCorr SInv}
   (You found it on level 5 of the Dungeon)

   SInv:      It lets you see invisible.
   +Inv:      It lets you turn invisible.
   Fly:       It grants you flight.
   rCorr:     It protects you from acid and corrosion.
 B - a +0 robe of cold resistance
 T - a +2 robe of willpower
 W - +2 steam dragon scales
Jewellery
 c - an amulet of reflection (around neck)
 k - a +5 ring of evasion (left hand)
 r - a ring of magical power
 t - a ring of resist corrosion
 y - an amulet of regeneration
 D - a ring of willpower
 O - a ring of protection from fire
 R - a +5 ring of evasion (right hand)
 U - a +4 ring of slaying
 Y - the ring of Cheibriados's Reproof {Wiz *Corrode +Blink rElec Int+8}
   (You found it on level 7 of the Dungeon)

   [ring of wizardry]

   It improves your spell success rate.
   Int:       It affects your intelligence (+8).
   rElec:     It insulates you from electricity.
   +Blink:    It lets you blink.
   *Corrode:  It may corrode you when you take damage.
Wands
 V - a wand of polymorph (8)
Scrolls
 d - a scroll of enchant weapon {unknown}
 i - 2 scrolls of noise
 l - 2 scrolls of fog
 o - a scroll of acquirement
 p - 2 scrolls of amnesia {unknown}
 x - a scroll of teleportation {unknown}
 A - 2 scrolls of vulnerability {unknown}
 C - a scroll of brand weapon {unknown}
 J - 4 scrolls of enchant armour {unknown}
 K - a scroll of magic mapping {unknown}
 L - a scroll of fear {unknown}
 M - a scroll of butterflies {unknown}
 N - 2 scrolls of silence {unknown}
 Q - 2 scrolls of poison {unknown}
Potions
 f - a potion of mutation {unknown}
 j - 5 potions of curing
 m - 2 potions of heal wounds
 n - 2 potions of attraction
 q - 3 potions of degeneration
 u - 2 potions of flight
 v - a potion of cancellation {unknown}
 z - a potion of haste {unknown}
 F - 2 potions of brilliance
 I - a potion of ambrosia {unknown}
 Z - a potion of berserk rage {unknown}


   Skills:
 * Level 10.5 Short Blades
 + Level 7.8 Dodging
 + Level 11.4 Stealth
 + Level 6.5 Spellcasting
 * Level 13.4 Hexes


You had 15 spell levels left.
You knew the following spells:

 Your Spells              Type           Power      Damage    Failure   Level
a - Ensorcelled Hibernat  Hex/Ice        68%        N/A       1%          2
b - Tukima's Dance        Hex            58%        N/A       1%          3
c - Summon Guardian Gole  Hex/Summ       34%        N/A       1%          3

Your spell library contained the following spells:

 Spells                   Type           Power      Damage    Failure   Level
 Confusing Touch          Hex            58%        N/A       1%          3
 Dazzling Flash           Conj/Hex       68%        N/A       1%          3
 Sandblast                Erth           12%        2d6       10%         1
 Sting                    Tmut/Pois      24%        1d4       10%         1
 Blink                    Tloc           12%        N/A       14%         2
 Lesser Beckoning         Tloc           12%        N/A       14%         2
 Passwall                 Tmut/Erth      5%         N/A       14%         2
 Poisonous Vapours        Pois/Air       12%        N/A       14%         2
 Gell's Gravitas          Tloc           6%         N/A       28%         3
 Stone Arrow              Conj/Erth      12%        3d7       28%         3
 Teleport Other           Tloc           6%         N/A       28%         3
 Manifold Assault         Tloc           6%         N/A       67%         4
 Olgreb's Toxic Radiance  Pois           6%         N/A       67%         4
 Summon Lightning Spire   Summ/Air       6%         N/A       67%         4
 Orb of Destruction       Conj           3%         9d5       100%        7
 Spellforged Servitor     Conj/Summ      3%         N/A       100%        7
 Storm Form               Tmut/Air       3%         N/A       100%        7
 Maxwell's Capacitive Co  Air            3%         ∞         100%        8


Dungeon Overview and Level Annotations

Branches:
Dungeon (8/15)             Temple (1/1) D:7            Lair (1/5) D:8

Altars:
Ashenzari
Cheibriados
Dithmenos
Fedhas
Gozag
Hepliaklqana
Kikubaaqudgha
Makhleb
Nemelex Xobeh
Okawaru
Qazlal
Ru
Sif Muna
Trog
Uskayaw
Vehumet
Wu Jian
Xom
Yredelemnul

Shops:
D:2 =(   D:4 (   D:6 !

Annotations:
D:8 1 transporter


Innate Abilities, Weirdness & Mutations

Your natural rate of healing is accelerated.
You have razor-sharp teeth.
You have supernaturally acute eyesight. (SInv)
You are afflicted with vampirism and can become a bat while bloodless.


Message History

You easily resist.
The basilisk bites you but does no damage.
The basilisk gazes at you. The basilisk bites you.
You turn to flesh and can move again.
Casting: Ensorcelled Hibernation (safe; 1% risk of failure)
Confirm with . or Enter, or press ? or * to list all spells.
Aiming: Ensorcelled Hibernation (safe; 1% risk of failure)
Press: ? - help, Shift-Dir - straight line, f/p - basilisk
Aim: a basilisk (almost dead, umbra, chance to affect: 62%)
The basilisk resists with significant effort.
The basilisk gazes at you.
You are slowing down.
Casting: Ensorcelled Hibernation (safe; 1% risk of failure)
Confirm with . or Enter, or press ? or * to list all spells.
Aiming: Ensorcelled Hibernation (safe; 1% risk of failure)
Press: ? - help, Shift-Dir - straight line, f/p - basilisk
Aim: a basilisk (almost dead, umbra, chance to affect: 62%)
The basilisk looks drowsy...
Your limbs are stiffening.
The helpless basilisk fails to defend itself.
You stick the basilisk like a pincushion!!!
You kill the basilisk!
Dithmenos accepts your kill.
You have turned to stone.
The cane toad stings you! The cane toad stings you!! The cane toad stings you.
The cane toad stings you!
* * * LOW HITPOINT WARNING * * *
The cane toad stings you!
* * * LOW HITPOINT WARNING * * *
The cane toad stings you!
* * * LOW HITPOINT WARNING * * *
The cane toad stings you.
* * * LOW HITPOINT WARNING * * *
The cane toad stings you.
* * * LOW HITPOINT WARNING * * *
The cane toad stings you!
* * * LOW HITPOINT WARNING * * *
The cane toad stings you.
You die...

............###########
...†..#.....######
......#...#.#.##.# #
..##.............# .
..######.#.#.#.#.# #.
###..............# #######.
####..÷........#.# ##.......
#[##...####~..†F.## #........
#..#...## ##...#@.## #........
#.l##l.~####...#..#.## #........
#..#9F.........#...#.####...##...
# #.P.#........#.................
##(..#####P##..##.............~~~
##.?#.. #######..............~##
#.###...F ### ##.............~##
###########.####..............~P~
...†...†......................~~~


You could see a cane toad.

Vanquished Creatures
  A death yak (Lair:1)
  A black mamba (Lair:1)
  3 cane toads (Lair:1)
  A komodo dragon (Lair:1)
  Grinder (D:5)
  A wyvern (D:8)
  12 yaks
  2 basilisks (Lair:1)
  2 steam dragons
  8 water moccasins
  An ice beast (D:7)
  2 orc warriors
  2 black bears
  A sky beast (D:7)
  2 centaurs (D:7)
  A phantom (D:5)
  4 wolves (Lair:1)
  2 lemures (D:7)
  A kobold brigand (D:8)
  3 bullfrogs
  A scorpion (D:5)
  A gnoll sergeant (D:6)
  A killer bee (D:8)
  A howler monkey (D:6)
  A crimson imp (D:3)
  5 orc priests
  A gnoll bouda (D:6)
  2 hounds
  A jelly (D:7)
  3 iguanas
  A sleepcap (D:7)
  An orc wizard (D:4)
  14 gnolls
  6 adders
  2 shadow imps
  4 white imps
  3 worms
  2 dart slugs
  26 orcs
  4 ball pythons
  14 bats
  3 endoplasms (D:2)
  8 giant cockroaches
  9 goblins
  8 hobgoblins
  5 jackals
  8 kobolds
  7 quokkas
  2 frilled lizards
  2 goblin skeletons (D:3)
  3 hobgoblin zombies (D:3)
  A kobold skeleton (D:3)
  2 kobold zombies (D:3)
  An orc skeleton (D:3)
  An orc zombie (D:3)
  8 rats
  A spectral orc (D:8)
214 creatures vanquished.

Vanquished Creatures (collateral kills)
  Maggie (D:7)
  A lemure (D:7)
  4 gnolls
  6 orcs
  A goblin (D:4)
  A hobgoblin (D:4)
  4 kobolds (D:4)
18 creatures vanquished.

Vanquished Creatures (others)
  Pikel (D:7)
  A manticore (D:7)
  An elephant (Lair:1)
  9 dancing weapons
  A lemure (D:7)
  An orc (D:8)
14 creatures vanquished.

Grand Total: 246 creatures vanquished

Notes
Turn   | Place    | Note
-------+----------+-------------------------------------------
     0 | D:1      | DoctorOfPepper the Vampire Enchanter began the quest for
                  | the Orb.
     0 | D:1      | Reached XP level 1. HP: 13/13 MP: 3/3
   314 | D:1      | Reached XP level 2. HP: 19/19 MP: 5/5
   779 | D:1      | Gained mutation: You are afflicted with vampirism and can
                  | become a bat while bloodless. [Vampire growth]
   779 | D:1      | Reached XP level 3. HP: 24/24 MP: 6/6
  1081 | D:2      | Learned a level 2 spell: Ensorcelled Hibernation
  1085 | D:2      | Learned a level 3 spell: Tukima's Dance
  1314 | D:2      | Reached skill level 5 in Stealth
  1338 | D:2      | Found Celetu's Jewellery Boutique.
  1621 | D:2      | Reached skill level 5 in Hexes
  1621 | D:2      | Reached XP level 4. HP: 30/30 MP: 7/7
  1805 | D:2      | Found Yrocs's Weapon Emporium.
  2566 | D:3      | Reached XP level 5. HP: 30/35 MP: 9/9
  2638 | D:3      | You fall into a shaft and drop 3 floors!
  2646 | D:6      | Found Naschufeqo's Distillery.
  2667 | D:6      | Bought a potion of heal wounds for 55 gold pieces
  2685 | D:5      | Entered Level 5 of the Dungeon
  2832 | D:4      | Reached XP level 6. HP: 19/41 MP: 9/10
  2863 | D:4      | Identified 2 scrolls of acquirement
  2863 | D:4      | Acquired an amulet of reflection
  3532 | D:4      | Found Suekk's Weapon Shoppe.
  3642 | D:4      | Reached skill level 6 in Hexes
  3817 | D:4      | HP: 2/41 [adder (4)]
  4926 | D:4      | Reached XP level 7. HP: 46/46 MP: 11/11
  5162 | D:5      | Noticed Grinder
  5183 | D:5      | Learned a level 3 spell: Summon Guardian Golem
  5199 | D:5      | Paralysed by Grinder for 2 turns
  5245 | D:5      | Killed Grinder
  5246 | D:5      | Reached skill level 5 in Short Blades
  5358 | D:5      | Found a bloodstained altar of Trog.
  5814 | D:5      | Identified the +2 robe "Kehier" {+Inv Fly rCorr SInv}
  6083 | D:5      | Reached skill level 7 in Hexes
  6217 | D:6      | Bought a potion of heal wounds for 55 gold pieces
  6497 | D:6      | Reached XP level 8. HP: 52/52 MP: 13/13
  7293 | D:6      | Reached skill level 8 in Hexes
  7511 | D:7      | Reached skill level 5 in Dodging
  7516 | D:7      | Found a shadowy altar of Dithmenos.
  7516 | D:7      | Noticed Pikel
  7538 | D:7      | Killed Pikel
  7539 | D:7      | Reached skill level 9 in Hexes
  7650 | D:7      | Became a worshipper of Dithmenos the Shadowed
  7676 | D:7      | Noticed a manticore
  7690 | D:7      | Reached XP level 9. HP: 53/57 MP: 10/15
  7698 | D:7      | Killed a manticore
  7917 | D:7      | Found a staircase to the Ecumenical Temple.
  7970 | Temple   | Entered the Ecumenical Temple
  8144 | D:7      | Noticed Maggie
  8154 | D:7      | Killed Maggie
  8155 | D:7      | Reached skill level 5 in Spellcasting
  8155 | D:7      | Reached skill level 10 in Hexes
  8476 | D:7      | Identified the ring of Cheibriados's Reproof {Wiz *Corrode
                  | +Blink rElec Int+8}
  9293 | D:8      | Found a transporter.
  9300 | D:8      | Reached skill level 11 in Hexes
  9484 | D:8      | Found a basalt altar of Yredelemnul.
  9501 | D:8      | Found a staircase to the Lair.
  9516 | D:8      | Reached XP level 10. HP: 40/63 MP: 9/18
  9542 | D:8      | Reached * piety under Dithmenos
  9556 | Lair:1   | Entered Level 1 of the Lair of Beasts
  9817 | Lair:1   | Reached skill level 10 in Stealth
  9883 | Lair:1   | Found a burning altar of Makhleb.
  9967 | Lair:1   | Noticed a cane toad
  9973 | Lair:1   | Killed a cane toad
 10081 | Lair:1   | Noticed a black mamba
 10088 | Lair:1   | Killed a black mamba
 10089 | Lair:1   | Reached skill level 12 in Hexes
 10315 | Lair:1   | Noticed a cane toad
 10324 | Lair:1   | Killed a cane toad
 10325 | Lair:1   | Reached skill level 10 in Short Blades
 10334 | Lair:1   | Noticed a cane toad
 10343 | Lair:1   | Killed a cane toad
 10361 | Lair:1   | Reached XP level 11. HP: 65/68 MP: 2/20
 10522 | Lair:1   | Reached skill level 13 in Hexes
 10667 | Lair:1   | Noticed a death yak
 10694 | Lair:1   | Killed a death yak
 10694 | Lair:1   | Reached ** piety under Dithmenos
 10717 | Lair:1   | HP: 1/68 [cane toad (8)]
 10717 | Lair:1   | Slain by a cane toad

Illustrated notes

Levels and vault maps discovered:
D:1:      dpeg_arrival_round_b, layout_basic, st_stairs_14
D:2:      layout_loops_cross, serial_shops, nicolae_shop_rolling_square,
          nicolae_shop_peninsula
D:3:      layout_basic, nicolae_tso_besieged_by_evil, roderic_serpentine_path,
          hangedman_decor_push, minivault_19
D:4:      corexii_shantytown, layout_basic, serial_shops,
          nicolae_shop_pleasant_corner_grove
D:5:      layout_gridville, trog_three_pillars_becter, gup_sewer_entry_pipe,
          uniq_grinder
D:6:      minmay_klotski, layout_basic, general_overflow_altar, serial_shops,
          nicolae_shop_real_fake_doors, serial_glass, glass_columns_b,
          glass_columns_b
D:7:      layout_basic, mainiacjoe_overflow_alcove_4, temple_doors_e,
          serial_glass, glass_columns_a, glass_columns_a, minivault_1,
          uniq_pikel, uniq_maggie
D:8:      minmay_evil_eye, layout_basic, yredelemnul_forgotten_temple_becter,
          david_lair_generic, gammafunk_ghost_stat_death
Temple:   minmay_temple_bridge_d
Lair:1:   layout_gridlike, basic_altar, eino_small_chamber_without_monster,
          hangedman_lair_generics_rect

Skill      XL: |  1  2  3  4  5  6  7  8  9 10 11 |
---------------+----------------------------------+-----
Short Blades   | 2 3 4 5 7 8 10 | 10.5
Stealth        | 5 6 7 8 9 11 | 11.4
Hexes          | 5 6 7 9 11 12 13 | 13.4
Dodging        | 3 4 5 6 7 |  7.8
Spellcasting   | 3 4 5 6 |  6.5

Action                     |  1- 3 |  4- 6 |  7- 9 | 10-12 || total
---------------------------+-------+-------+-------+-------++-------
  Melee: Dagger            |   131 |   237 |   123 |       ||   491
         Bite              |    13 |    43 |    31 |    11 ||    98
         Hand axe          |       |   132 |    14 |       ||   146
         Punch             |       |     1 |     6 |       ||     7
         Rapier            |       |       |   122 |    94 ||   216
  Throw: Throwing net      |       |       |     3 |       ||     3
   Cast: Ensorcelled Hiber |     2 |    37 |    52 |    45 ||   136
         Tukima's Dance    |       |    29 |    30 |     3 ||    62
         Summon Guardian G |       |       |     7 |     1 ||     8
    Use: Potion            |       |     3 |       |     1 ||     4
         Scroll            |       |     3 |     5 |       ||     8
   Stab: Sleeping          |    10 |    14 |    26 |    29 ||    79
         Distracted        |     1 |     2 |     1 |       ||     4
 Armour: Robe              |    13 |    35 |    18 |     6 ||    72
  Dodge: Dodged            |   101 |   344 |   156 |    64 ||   665
  Block: Other             |       |    38 |    55 |    23 ||   116
         Reflection        |       |       |     6 |     1 ||     7
